 Dungeon Crawl Stone Soup version 0.31.0-9-g3a7656b989 (webtiles) character file.

Game seed: 12539884598173103578

1942 Amplified the Cudgeller (level 8, -5/80 HPs)
             Began as a Troll Berserker on Feb 1, 2024.
             Was an Elder of Trog.
             Succumbed to a killer bee's poison
             ... on level 7 of the Dungeon.
             The game lasted 00:06:55 (4996 turns).

Amplified the Cudgeller (Troll Berserker)           Turns: 4996, Time: 00:06:56

Health: -5/80      AC:  4    Str: 28    XL:     8   Next: 98%
Magic:  7/7        EV: 11    Int:  3    God:    Trog [****..]
Gold:   358        SH:  0    Dex:  9    Spells: 7/7 levels left

rFire   . . .        a - +0 morningstar
rCold   . . .        (no shield)
rNeg    . . .        b - +0 animal skin
rPois   .            (helmet restricted)
rElec   +            (no cloak)
rCorr   .            (gloves unavailable)
SInv    .            (boots unavailable)
Will    +....        d - amulet of faith
Stlth   +            (no ring)
HPRegen 1.13/turn    (no ring)
MPRegen 0.10/turn

%: faith
@: lethally poisoned (-5 -> -20), on berserk cooldown, slowed, very slow
A: large, unfitting armour, claws 3, regeneration 1, shaggy fur 1, tough skin 1,
strong-willed 1, electricity resistance, MP-powered wands
a: Renounce Religion, Berserk, Trog's Hand, Brothers in Arms


You were on level 7 of the Dungeon.
You worshipped Trog.
Trog was greatly pleased with you.
You visited 1 branch of the dungeon, and saw 7 of its levels.

You collected 358 gold pieces.

Inventory:

Hand Weapons
 a - a +0 morningstar (weapon)
 l - a +1 whip of distortion
 o - a +0 flail
 s - a +0 executioner's axe
Missiles
 k - 34 stones (quivered)
Armour
 b - a +0 animal skin (worn)
Jewellery
 d - an amulet of faith (around neck)
 h - a ring of positive energy
 n - a ring of flight
Wands
 f - a wand of flame (4)
 r - a wand of mindburst (8)
Scrolls
 g - a scroll of teleportation
 j - a scroll of enchant armour
 m - a scroll of vulnerability
 p - 3 scrolls of identify
 q - a scroll of blinking
Potions
 c - 3 potions of brilliance
 e - a potion of degeneration
 i - 5 potions of mutation


   Skills:
 * Level 5.3 Fighting
 * Level 5.8 Maces & Flails
 * Level 4.4 Throwing
 + Level 3.1 Armour
 * Level 5.1 Dodging


You had 7 spell levels left.
You didn't know any spells.
Your spell library was empty.

Dungeon Overview and Level Annotations

Branches:
Dungeon (7/15)             Temple (0/1) D:5

Altars:
Makhleb
Nemelex Xobeh
Okawaru
Qazlal
Uskayaw


Innate Abilities, Weirdness & Mutations

You are too large for most types of armour.
You have claws for hands.
Your natural rate of healing is unusually fast.
You are covered in fur. (AC +1)
You have tough skin. (AC +1)
You are strong-willed. (Will+)
You are resistant to electric shocks. (rElec)
You expend magic power (3 MP) to strengthen your wands.


Message History

You closely miss the killer bee.
The killer bee is almost dead.
You feel extremely sick. The killer bee stings you.
The killer bee barely misses you. The killer bee stings you. x3
* * * LOW HITPOINT WARNING * * *
You are more poisoned.
The killer bee poisons you!
There are monsters nearby!
Unknown command.
* * * LOW HITPOINT WARNING * * *
You feel extremely sick. The killer bee closely misses you.
The killer bee stings you.
* * * LOW HITPOINT WARNING * * *
Unknown command.
You feel a strong urge to attack something.
* * * LOW HITPOINT WARNING * * *
You feel very sick.
The killer bee attacks as it pursues you!
The killer bee stings you.
* * * LOW HITPOINT WARNING * * *
The killer bee stings you.
* * * LOW HITPOINT WARNING * * *
You closely miss the killer bee.
You are no longer berserk.
You are exhausted.
You feel yourself slow down.
* * * LOW HITPOINT WARNING * * *
You feel very sick.
Unknown command.
Unknown command.
Okay, then.
Okay, then.
Okay, then.
Blink to where?
Press: ? - help, Dir - move target Splash!
You fall into the shallow water.
As you read the scroll of blinking, it crumbles to dust.
You die...

##♣♣♣♣♣ # #♣♣~~P♣P~♣ ##
♣♣♣~♣~~~~~~~
.###########♣~♣~~~~~~~~~
..#....##..†~~~~♣~~≈P≈≈~
..#.......♣♣♣~~~~~~~≈≈≈≈
..#....##.♣~~~~♣~~~≈≈≈≈≈
.......##♣~~~~~~@≈≈≈≈≈≈≈
........#.~~†♣~~~≈≈≈≈≈≈≈
..........♣♣~~~~♣~†≈≈≈≈≈≈
........###~♣~~~~~♣~~≈≈≈≈≈
..........#.~~~~P~~~≈≈≈~~~
.......##<...~♣~~♣~~~~~~~
.......####.....♣♣~♣~♣~♣♣
.......# ##.#y§.#.♣♣....♣♣♣.
......####..#y###...........


You could see a killer bee.

Vanquished Creatures
  Sigmund (D:5)
  2 water moccasins
  A black bear (D:6)
  An ice beast (D:7)
  A centaur (D:7)
  An ogre (D:5)
  A kobold brigand (D:7)
  3 scorpions
  A killer bee (D:7)
  5 electric eels (D:7)
  A bombardier beetle (D:5)
  A jelly (D:6)
  3 iron imps (D:5)
  5 hounds
  2 orc priests
  An iguana (D:4)
  2 orc wizards (D:4)
  4 gnolls (D:7)
  10 adders
  A shadow imp (D:5)
  A white imp (D:6)
  5 ufetubi
  A dart slug (D:5)
  2 ribbon worms
  32 orcs
  7 bats
  3 endoplasms (D:1)
  5 giant cockroaches
  6 goblins
  6 hobgoblins
  4 quokkas
  4 ball pythons
  6 frilled lizards
  14 kobolds
  12 rats
155 creatures vanquished.

Notes
Turn   | Place    | Note
-------+----------+-------------------------------------------
     0 | D:1      | Amplified the Troll Berserker began the quest for the Orb.
     0 | D:1      | Reached XP level 1. HP: 22/22 MP: 0/0
   112 | D:1      | Reached XP level 2. HP: 28/29 MP: 1/1
   344 | D:1      | Reached ** piety under Trog
   354 | D:1      | Reached XP level 3. HP: 35/36 MP: 2/2
  1033 | D:2      | Reached skill level 1 in Armour
  1223 | D:2      | Reached XP level 4. HP: 44/45 MP: 3/3
  1508 | D:3      | Gained mutation: You are resistant to electric shocks.
                  | (rElec) [potion of mutation]
  1508 | D:3      | Gained mutation: You expend magic power (3 MP) to
                  | strengthen your wands. [potion of mutation]
  1508 | D:3      | Gained mutation: You are strong-willed. (Will+) [potion of
                  | mutation]
  2153 | D:4      | Reached *** piety under Trog
  2203 | D:3      | Reached XP level 5. HP: 42/53 MP: 4/4
  2306 | D:4      | Found an iron altar of Okawaru.
  2311 | D:4      | Reached skill level 1 in Throwing
  2338 | D:4      | Found a sparkling altar of Nemelex Xobeh.
  2349 | D:4      | Reached XP level 6. HP: 24/61 MP: 5/5
  2354 | D:4      | HP: 3/61 [poisoned by a scorpion]
  2687 | D:5      | Entered Level 5 of the Dungeon
  2956 | D:5      | Reached XP level 7. HP: 41/68 MP: 6/6
  3212 | D:5      | Noticed Sigmund
  3232 | D:5      | Killed Sigmund
  3282 | D:5      | Found a burning altar of Makhleb.
  3396 | D:5      | Found a staircase to the Ecumenical Temple.
  3432 | D:5      | Found a hide-covered altar of Uskayaw.
  3444 | D:5      | Found a stormy altar of Qazlal.
  3754 | D:6      | Reached XP level 8. HP: 79/79 MP: 7/7
  3769 | D:6      | Reached skill level 5 in Maces & Flails
  4729 | D:7      | Reached skill level 5 in Fighting
  4790 | D:7      | Reached skill level 5 in Dodging
  4870 | D:7      | Reached **** piety under Trog
  4995 | D:7      | HP: 2/80 [poisoned by a killer bee]
  4996 | D:7      | Succumbed to a killer bee's poison

Illustrated notes

Levels and vault maps discovered:
D:1:      dpeg_arrival_pond, layout_loops_ring
D:2:      layout_loops_cross, moated_statue
D:3:      layout_basic, nicolae_figureground_pulse
D:4:      layout_cave_pools, kennysheep_okawaru_gauntlet, kennysheep_little_box,
          minmay_statues_item
D:5:      minmay_general_purpose_star, layout_basic, jmf_multi_god_temple2,
          demons_altar, grunt_ministairs_13, uniq_sigmund
D:6:      layout_basic
D:7:      layout_rooms, general_overflow_altar, nrook_mini_vaults,
          serial_bayou_lake_a

Skill      XL: |  1  2  3  4  5  6  7  8 |
---------------+-------------------------+-----
Maces & Flails | 3 4 5 |  5.8
Armour         | 1 2 3 |  3.1
Fighting       | 3 4 5 |  5.3
Dodging        | 3 4 5 |  5.1
Throwing       | 1 2 3 4 |  4.4

Action                     |  1- 3 |  4- 6 |  7- 9 || total
---------------------------+-------+-------+-------++-------
  Melee: Mace              |   169 |   137 |       ||   306
         Punch             |     1 |     3 |     4 ||     8
         Flail             |       |    87 |       ||    87
         Morningstar       |       |    18 |   222 ||   240
 Invoke: Berserk           |     2 |     7 |     9 ||    18
         Trog's Hand       |       |     3 |     1 ||     4
  Evoke: Wand              |       |       |     8 ||     8
    Use: Scroll            |     2 |     4 |     3 ||     9
         Potion            |     1 |     4 |       ||     5
   Stab: Sleeping          |       |       |     2 ||     2
 Armour: Animal skin       |   121 |   239 |   299 ||   659
         Skin              |       |    17 |       ||    17
  Dodge: Dodged            |   101 |   176 |   238 ||   515
